 Dungeon Crawl Stone Soup version 0.27.1 (webtiles) character file.

Game seed: 65477808554264342

43 Atelerd the Digger (level 3, -1/21 HPs)
             Began as an Octopode Earth Elementalist on Sept 2, 2021.
             Slain by Natasha (4 damage)
             ... on level 2 of the Dungeon.
             The game lasted 00:01:17 (1261 turns).

Atelerd the Digger (Octopode Earth Elementalist)    Turns: 1261, Time: 00:01:18

Health: -1/21      AC:  1    Str:  7    XL:     3   Next: 58%
Magic:  0/6        EV: 13    Int: 18    God:
Gold:   127        SH:  0    Dex: 12    Spells: 6/7 levels left

rFire    . . .     SeeInvis .   (no weapon)
rCold    . . .     Faith    .   (no shield)
rNeg     . . .     Spirit   .   (helmet restricted)
rPois    .         Reflect  .   (no amulet)
rElec    .         Harm     .   (no ring)
rCorr    .         Rampage  .   (no ring)
Will     .....                  (no ring)
Stlth    +++.......             (no ring)
HPRegen  0.07/turn              (no ring)
MPRegen  0.10/turn              (no ring)
                                (no ring)
                                (no ring)

@: no status effects
A: almost no armour, amphibious, 8 rings, camouflage 1, gelatinous body 1,
(nimble swimmer 1), tentacles
a: no special abilities


You were on level 2 of the Dungeon.
You visited 1 branch of the dungeon, and saw 2 of its levels.

You collected 127 gold pieces.

Inventory:

Missiles
 b - 77 stones
Scrolls
 a - a scroll of noise {unknown}
 d - a scroll of acquirement {unknown}
 g - a scroll of identify {unknown}
Potions
 c - a potion of brilliance {unknown}
 e - a potion of haste {unknown}
 f - a potion of heal wounds {unknown}


   Skills:
 - Level 2.0 Dodging
 - Level 2.6 Stealth
 + Level 2.6 Spellcasting
 + Level 2.1 Transmutations
 + Level 3.5 Earth Magic


You had 6 spell levels left.
You knew the following spells:

 Your Spells              Type           Power      Damage    Failure   Level
a - Sandblast             Erth           30%        2d9       4%          1

Your spell library contained the following spells:

 Spells                   Type           Power      Damage    Failure   Level
 Passwall                 Tmut/Erth      10%        N/A       9%          2
 Stone Arrow              Conj/Erth      16%        3d8       26%         3
 Petrify                  Tmut/Erth      12%        N/A       47%         4


Dungeon Overview and Level Annotations

Branches:
Dungeon (2/15)

Altars:

Shops:
D:1 (

Annotations:
D:2 Natasha


Innate Abilities, Weirdness & Mutations

You cannot wear most types of armour.
You are amphibious.
You can wear up to eight rings at the same time.
Your skin changes colour to match your surroundings (Stealth+).
Your rubbery body absorbs attacks. (AC +1, EV +1)
((You are camouflaged near water. (Stealth+)))
You have tentacles for arms and can constrict up to eight enemies at once.


Message History

Aim: an adder (heavily wounded, 66% to hit)
The blast of sand hits the adder.
The adder is almost dead.
The adder bites you.
Casting: Sandblast (safe; 4% risk of failure)
Confirm with . or Enter, or press ? or * to list all spells.
You don't have enough magic to cast this spell.
Unknown command.
Casting: Sandblast (safe; 4% risk of failure)
Confirm with . or Enter, or press ? or * to list all spells.
You don't have enough magic to cast this spell.
You tentacle-slap the adder but do no damage.
Your grab misses the adder.
The adder is almost dead.
The adder completely misses you.
Natasha mumbles some strange words.
You tentacle-slap the adder.
You kill the adder!
You closely miss Natasha. Your grab misses Natasha. Natasha claws you!
You closely miss Natasha. You grab Natasha. You constrict Natasha.
Natasha casts a spell at you. You resist with significant effort.
Casting: Sandblast (safe; 4% risk of failure)
Confirm with . or Enter, or press ? or * to list all spells.
Aiming: Sandblast (safe; 4% risk of failure)
Press: ? - help, Shift-Dir - straight line, f - Natasha
Aim: Natasha (lightly wounded, constricted by you, 95% to hit)
The blast of sand hits Natasha!
Natasha is severely wounded.
You constrict Natasha.
The crimson imp blinks!
Natasha barely misses you.
Unknown command.
You tentacle-slap Natasha but do no damage.
Natasha is severely wounded.
You constrict Natasha. The crimson imp barely misses you. Natasha claws you!
* * * LOW HITPOINT WARNING * * *
Unknown command.
You tentacle-slap Natasha but do no damage.
Natasha is severely wounded.
You constrict Natasha. The crimson imp misses you. Natasha claws you.
You die...

#......###.#
#.#
####.#.##.#
#.# #..
#....#.##.#
#.# ##.
#.####.##.#
..# .#
#.####.....
..# <#
#....####..
..# ####.##
###.... #5.#
##@# #h#
#ยง###
#...##
###..#
##./....#
.<.....
..h#.## ...#
#


You could see Natasha and a crimson imp (summoned).

Vanquished Creatures
  An adder (D:2)
  A ball python (D:1)
  4 endoplasms (D:1)
  3 giant cockroaches (D:1)
  5 goblins
  4 jackals (D:1)
  2 quokkas (D:1)
  6 bats
  A frilled lizard (D:1)
  2 kobolds
  A rat (D:1)
30 creatures vanquished.

Notes
Turn   | Place    | Note
-------+----------+-------------------------------------------
     0 | D:1      | Atelerd the Octopode Earth Elementalist began the quest for
                  | the Orb.
     0 | D:1      | Reached XP level 1. HP: 11/11 MP: 3/3
   165 | D:1      | Found Funoryj's Weapon Boutique.
   281 | D:1      | Reached XP level 2. HP: 17/17 MP: 3/5
   764 | D:1      | Reached XP level 3. HP: 19/21 MP: 1/6
  1242 | D:2      | Noticed Natasha
  1261 | D:2      | Slain by Natasha

Illustrated notes

Levels and vault maps discovered:
D:1:      wander_arrival_estate, layout_basic, serial_shops, shop_coins,
          minivault_27
D:2:      layout_rooms, shapermc_ecumenical_altar_mp_vishouse,
          amcnicky_mini_pool_small, minmay_gold_behind_fungi, uniq_natasha

Skill      XL: |  1  2  3 |
---------------+----------+-----
Transmutations | 2 |  2.1
Dodging        | |  2.0
Stealth        | |  2.6
Spellcasting   | |  2.6
Earth Magic    | |  3.5

Action                   || total
-------------------------++-------
Melee: Unarmed           ||    31
       Tentacles         ||     7
       Constrict         ||    11
 Cast: Sandblast         ||    38
Armor: Skin              ||     7
Dodge: Dodged            ||    31
